 Dungeon Crawl Stone Soup version 0.20-a0-640-g62ed22f (webtiles) character file.

55 polly the Slasher (level 3, 0/28 HPs)
             Began as a Demonspawn Gladiator on Feb 13, 2017.
             Succumbed to an adder's poison
             ... on level 2 of the Dungeon.
             The game lasted 00:01:23 (1364 turns).

polly the Slasher (Demonspawn Gladiator)            Turns: 1364, Time: 00:01:23

Health: 0/28       AC:  3    Str: 15    XL:     3   Next: 67%
Magic:  3/3        EV: 18    Int: 11    God:
Gold:   70         SH:  0    Dex: 19    Spells: 2/2 levels left

rFire    . . .     SeeInvis .   a - +0 long sword
rCold    . . .     Gourm    .   b - +0 leather armour
rNeg     . . .     Faith    .   (no shield)
rPois    +         Spirit   .   (helmet restricted)
rElec    .         Reflect  .   (no cloak)
rCorr    .         Harm     .   (no gloves)
MR       .....                  (no boots)
Stlth    +++.......             (no amulet)
Regen    0.1/turn               (no ring)
MPRegen  0.1/turn               (no ring)

@: agile, lethally poisoned (0 -> -4), flying, very slightly contaminated,
hasted, very quick
A: horns 1, talons 1, clever 1, demonic guardian 1, poison resistance
a: no special abilities


You were on level 2 of the Dungeon.
You were near starving.

You visited 1 branch of the dungeon, and saw 2 of its levels.

You collected 70 gold pieces.

Inventory:

Hand Weapons
 a - a +0 long sword (weapon)
Missiles
 d - 3 throwing nets (quivered)
Armour
 b - a +0 leather armour (worn)
 c - a +0 helmet
Jewellery
 g - a cursed -4 ring of dexterity {unknown}
Scrolls
 e - a scroll of identify {unknown}
 i - a scroll of fog {unknown}
 j - 2 scrolls of immolation {unknown}
 o - a scroll of random uselessness {unknown}
 p - a scroll of remove curse {unknown}
 q - a scroll of amnesia {unknown}
Potions
 m - a potion of flight
Comestibles
 f - 2 bread rations
 l - 2 meat rations


   Skills:
 + Level 2.4 Fighting
 + Level 3.3 Long Blades
 + Level 1.8 Throwing
 + Level 0.6 Armour
 + Level 3.1 Dodging
 + Level 0.4 Stealth


You had 2 spell levels left.
You didn't know any spells.

Dungeon Overview and Level Annotations

Branches:
Dungeon (2/15)

Altars:


Innate Abilities, Weirdness & Mutations

A weak demonic guardian rushes to your aid.
You have a pair of small horns on your head.
You have sharp toenails.
Your mind is acute. (Int +2)
Your system is resistant to poisons. (rPois)


Message History

It was a potion of mutation.
You feel extremely strange.
You feel clever. A pair of horns grows on your head!
Your +0 helmet falls away!
You feel resistant to poisons.
Your toenails lengthen and sharpen.
* * * LOW HITPOINT WARNING * * *
You feel sick.
It was a potion of agility.
You feel agile all of a sudden.
It was a potion of flight.
You feel very buoyant.
You fly up into the air.
* * * LOW HITPOINT WARNING * * *
You feel sick.
It was a potion of haste.
You feel yourself speed up.
You are very lightly contaminated with residual magic.
* * * LOW HITPOINT WARNING * * *
You feel sick.
* * * LOW HITPOINT WARNING * * *
You feel sick.
You die...

.##.# ##.# .##.#
### ###.# #. #.#
#+# #+# ## ###.#
#.# #.# # ....#
#.# #.# # #####
#.###.###########
##......#.........
#@........########
#.###...#.# ....
##..#.#
###.#.......#
#.####..### #..
...# ### ##.## #.#


There were no monsters in sight!

Vanquished Creatures
  2 adders (D:2)
  2 dart slugs
  A leopard gecko (D:1)
  2 ball pythons (D:1)
  8 goblins
  6 hobgoblins
  4 bats
  6 rats
31 creatures vanquished.

Notes
Turn   | Place    | Note
-------+----------+-------------------------------------------
     0 | D:1      | polly the Demonspawn Gladiator began the quest for the Orb.
     0 | D:1      | Reached XP level 1. HP: 16/16 MP: 1/1
   351 | D:1      | Gained mutation: A weak demonic guardian rushes to your aid. [demonic ancestry]
   351 | D:1      | Reached XP level 2. HP: 21/22 MP: 2/2
   969 | D:2      | Reached XP level 3. HP: 25/27 MP: 3/3
  1353 | D:2      | Gained mutation: Your mind is acute. (Int +2) [potion of mutation]
  1353 | D:2      | Gained mutation: You have a pair of small horns on your head. [potion of mutation]
  1353 | D:2      | Gained mutation: Your system is resistant to poisons. (rPois) [potion of mutation]
  1353 | D:2      | Gained mutation: You have sharp toenails. [potion of mutation]
  1360 | D:2      | HP: 1/28 [poisoned by an adder]
  1364 | D:2      | Succumbed to an adder's poison

Vault maps used:
D:1:      roderic_crossed_star
D:2:      chequers_temple_overflow_minitemple

Skill      XL: |  1  2 |
---------------+-------+-----
Dodging        | 3 |  3.1
Long Blades    | 3 |  3.3
Fighting       | |  2.4
Throwing       | |  1.8
Armour         | |  0.6
Stealth        | |  0.4

Action                   || total
-------------------------++-------
Melee: Long sword        ||    99
  Use: Potion            ||     4
Armor: Leather armour    ||    29
Dodge: Dodged            ||    78
       Rpst.: Long sword ||    21
